 Dungeon Crawl Stone Soup version 0.29.1-12-g30fa7ad0bf (webtiles) character file.

Game seed: 1640336982338176910

3 Gabide the Sneak (level 1, -2/21 HPs)
             Began as a Naga Delver on Jan 18, 2023.
             Slain by a gnoll
             ... wielding a +0 spear
             ... led by a gnoll sergeant
              (6 damage)
             ... on level 5 of the Dungeon.
             The game lasted 00:01:31 (689 turns).

Gabide the Sneak (Naga Delver)                       Turns: 689, Time: 00:01:32

Health: -2/21      AC:  1    Str: 14    XL:     1   Next: 50%
Magic:  1/1        EV:  9    Int: 10    God:
Gold:   17         SH:  0    Dex: 12    Spells: 0/0 levels left

rFire   . . .      SeeInvis +   a - +0 short sword
rCold   . . .      Faith    .   (no shield)
rNeg    . . .      Spirit   .   b - +0 leather armour
rPois   +          Reflect  .   (no helmet)
rElec   .          Harm     .   (no cloak)
rCorr   .          Rampage  .   (no gloves)
Will    .....                   (no barding)
Stlth   +.........              (no amulet)
HPRegen 0.07/turn               (no ring)
MPRegen 0.07/turn               (no ring)

@: confused, short of breath, ambrosia-drunk, very slow
A: AC +0, large, see invisible, deformed body, poison resistance, slowness 2,
spit poison 1, naga tail 1
a: Spit Poison


You were on level 5 of the Dungeon.
You visited 1 branch of the dungeon, and saw 1 of its levels.

You collected 17 gold pieces.

Inventory:

Hand Weapons
 a - a +0 short sword (weapon)
Armour
 b - a +0 leather armour (worn)
Jewellery
 e - a ring of ice
Wands
 g - a wand of digging (3)
Scrolls
 c - a scroll of fog
 d - a scroll of magic mapping
Potions
 f - a potion of haste


   Skills:
 + Level 3.0 Fighting
 + Level 2.1 Short Blades
 + Level 1.6 Dodging
 + Level 7.3 Stealth


You couldn't memorise any spells.
You didn't know any spells.
Your spell library contained the following spells:

 Spells                   Type           Power      Damage    Failure   Level
 Apportation              Tloc           0%         N/A       43%         1
 Alistair's Intoxication  Tmut/Pois      0%         N/A       100%        5


Dungeon Overview and Level Annotations

Branches:
Dungeon (5/15)
 Temple: D:4-7

Altars:

Annotations:
D:5 exclusion: ogre


Innate Abilities, Weirdness & Mutations

Your serpentine skin is tough. (AC +0)
You have supernaturally acute eyesight. (SInv)
Armour fits poorly on your strangely shaped body.
Your system is resistant to poisons. (rPois)
You cover ground very slowly.
You can spit poison.
You have a snake-like lower body.


Message History

Press: ? - help, Q - select action Shift-Dir - straight line, f/p - worm
Aim: a worm (severely wounded, poisoned, 84% to hit)
The splash of poison hits the worm!
The worm looks even sicker.
You kill the worm!
Unknown command.
You start resting.
You have got your breath back.
You start resting.
HP restored.
You see here a +0 sling.
An ogre comes into view. It is wielding a +0 giant spiked club.
Press: ? - help, v - describe, . - travel
Here: an ogre, wielding a +0 giant spiked club (asleep)
The floor.
Placed new exclusion.
You now have 17 gold pieces.
A gnoll comes into view. It is wielding a +0 spear.
The gnoll shouts!
You hear a shout!
A gnoll comes into view. It is wielding a +0 whip.
The splash of poison hits the gnoll.
The gnoll is poisoned.
The gnoll is moderately wounded.
The gnoll looks more healthy.
You have got your breath back.
The gnoll hits you from afar with a +0 spear.
The splash of poison misses the gnoll.
The gnoll closely misses you.
You have got your breath back.
The gnoll hits you from afar with a +0 spear!
Aiming: Spit Poison (3% risk of failure)
Press: ? - help, Q - select action Shift-Dir - straight line, f/p - gnoll
Aim: a gnoll, wielding a +0 spear (severely wounded, 59% to hit)
The splash of poison misses the gnoll.
The gnoll hits you from afar with a +0 spear!
* * * LOW HITPOINT WARNING * * *
Okay, then.
Okay, then.
It was a potion of ambrosia.
You are confused.
You feel invigorated.
The gnoll hits you from afar with a +0 spear.
You die...

### #### ###@#
.... ##g.##
.... ##..##
....##
#####..##
..g..###.#...##
#.......###
######..####
##.#..##
#.....#


You could see a gnoll.

Vanquished Creatures
  A worm (D:5)
1 creature vanquished.

Notes
Turn   | Place    | Note
-------+----------+-------------------------------------------
     0 | D:5      | Gabide the Naga Delver began the quest for the Orb.
     0 | D:5      | Reached XP level 1. HP: 21/21 MP: 1/1
    41 | D:5      | Noticed a jelly
   317 | D:5      | Noticed a jelly
   633 | D:5      | Noticed an ogre
   688 | D:5      | HP: 1/21 [gnoll/+0 spear[a gnoll sergeant] (8)]
   689 | D:5      | Slain by a gnoll

Illustrated notes

Levels and vault maps discovered:
D:5:      layout_cave_pods, palyth_temple_overflow_mages,
          mainiacjoe_overflow_brackets

Action                   || total
-------------------------++-------
Melee: Short sword       ||     3
 Abil: Spit Poison       ||    13
  Use: Scroll            ||     1
       Potion            ||     1
Armor: Leather armour    ||     1
Dodge: Dodged            ||     2
